 Dungeon Crawl Stone Soup version 0.18-a0-1788-g92de1ac (webtiles) character file.

1976 Yawgmoth the Skirmisher (level 9, 0/71 HPs)
             Began as a Demonspawn Chaos Knight on Apr 19, 2016.
             Slain by Pikel
             ... wielding a +1 whip of electrocution
              (9 damage)
             ... on level 7 of the Dungeon.
             The game lasted 00:45:36 (7227 turns).

Yawgmoth the Skirmisher (Demonspawn Chaos Knight)   Turns: 7227, Time: 00:45:38

Health: 0/71       AC:  4    Str: 15    XL:     9   Next: 0%
Magic:  16/16      EV: 13    Int: 15    God:    Xom [......]
Gold:   262        SH:  0    Dex: 10    Spells: 0 memorised, 18 levels left

rFire  . . .     SeeInvis .     a - +0 spear (chaos)
rCold  + + .     Gourm    .     m - -1 scale mail
rNeg   . . .     Faith    .     (no shield)
rPois  .         Spirit   .     (helmet restricted)
rElec  .         Dismiss  .     t - +1 cloak
rCorr  +         Reflect  .     (no gloves)
SustAt .         Harm     .     (no boots)
MR     .....                    (no amulet)
Stlth  ..........               L - ring of resist corrosion
                                d - ring of protection from cold {rC+, !d}

@: repel missiles, heavily drained, not resistant to hostile enchantments,
extremely unstealthy
A: antennae 1, repulsion field 3, clumsy 1, cold resistance 1, deformed body,
demonic guardian 1, no device heal 1, freezing cloud immunity
a: Renounce Religion


You were on level 7 of the Dungeon.
You worshipped Xom.
You were a very special plaything of Xom.
You were not hungry.

You visited 1 branch of the dungeon, and saw 7 of its levels.

You collected 262 gold pieces.

Inventory:

Hand Weapons
 a - a +0 spear of chaos (weapon)
 e - a +2 dagger of protection
   (You took it off a kobold on level 1 of the Dungeon)
 q - a +1 short sword of electrocution
   (You found it on level 2 of the Dungeon)
 A - a +2 whip of electrocution
   (Xom gifted it to you on level 5 of the Dungeon)
 C - a +1 antimagic mace
   (You took it off an orc on level 3 of the Dungeon)
 F - a +1 halberd of freezing
   (You found it on level 6 of the Dungeon)
 P - a cursed +1 long sword of freezing
   (You took it off a wight on level 6 of the Dungeon)
Armour
 b - a +2 leather armour
 g - a +0 ring mail
   (You found it on level 1 of the Dungeon)
 m - a -1 scale mail (worn)
   (You found it on level 1 of the Dungeon)
 n - a +0 cloak
   (You found it on level 1 of the Dungeon)
 t - a +1 cloak (worn)
   (You found it on level 2 of the Dungeon)
 N - a +1 scale mail of magic resistance
   (You took it off an orc priest on level 5 of the Dungeon)
Jewellery
 d - a ring of protection from cold (left hand) {rC+, !d}
   (You found it on level 1 of the Dungeon)
 f - an uncursed ring of magical power {MP+9}
   (You found it on level 3 of the Dungeon)
 J - an uncursed ring of positive energy {rN+}
   (You found it on level 5 of the Dungeon)
 L - a ring of resist corrosion (right hand)
   (You found it on level 5 of the Dungeon)
Scrolls
 h - 2 scrolls of recharging
 j - 6 scrolls of remove curse
 r - 4 scrolls of identify
 s - a scroll of enchant armour {unknown}
 y - 3 scrolls of immolation {unknown}
 B - 2 scrolls of magic mapping {!r}
 D - 3 scrolls of noise {!r}
 E - a scroll of random uselessness {unknown}
 I - a scroll of amnesia
 K - 2 scrolls of fear {unknown}
 M - a scroll of teleportation {unknown}
 O - a scroll of enchant weapon {unknown}
Potions
 k - a potion of ambrosia {unknown}
 o - 2 potions of berserk rage {unknown}
 p - a potion of flight
 u - a potion of lignification {unknown}
 v - a potion of cancellation {unknown}
 w - 2 potions of agility {unknown}
 x - 2 potions of invisibility {unknown}
 G - a potion of haste
 H - 2 potions of degeneration {unknown}
Comestibles
 c - 7 bread rations {@e1}
 i - a slice of pizza
 l - 2 meat rations {@e2}
 z - a fruit


   Skills:
 + Level 6.5(3.8) Fighting
 + Level 6.1(3.5) Polearms
 + Level 5.5(2.9) Armour
 - Level 1.0(0.0) Dodging
 + Level 5.1(2.5) Spellcasting


You had 18 spell levels left.
You didn't know any spells.

Dungeon Overview and Level Annotations

Branches:
Dungeon (7/15)             Temple (0/1) D:5

Altars:
Gozag
Pakellas
Sif Muna
Trog
Yredelemnul
Zin

Shops:
D:5 *

Annotations:
D:7 Pikel


Innate Abilities, Weirdness & Mutations

You have a pair of small antennae on your head.
You are surrounded by a strong repulsion field (EV +4, rMsl).
Your flesh is cold resistant.
A weak demonic guardian rushes to your aid.
You are immune to freezing clouds.
You are clumsy. (Dex -2)
Armour fits poorly on your strangely shaped body.
Potions and wands are less effective at restoring your health.


Message History

There is a stone staircase leading down here.
You regained 3 hp, and now have 56/71 hp.
You climb downwards. 3 slaves and Pikel come into view.
Pikel shouts!
The slave shouts! x3
There is a stone staircase leading up here.
The slave barely misses your crimson imp.
Your crimson imp hits the slave but does no damage.
The slave closely misses your crimson imp.
You see here a scroll of remove curse.
j - 6 scrolls of remove curse (gained 1)
Your crimson imp blinks!
A gnoll and a slave come into view.
The gnoll shouts!
A gnoll shaman comes into view. It is wielding a whip.
An adder and a gnoll come into view.
Your crimson imp blinks!
Attack whom?
Aim: Pikel, wielding a whip of electrocution and wearing a robe You reach to attack!
You closely miss Pikel.
Attack whom?
Aim: Pikel, wielding a whip of electrocution and wearing a robe You could not reach far enough!
Your crimson imp closely misses Pikel.
Pikel barely misses your crimson imp.
Attack whom?
Aim: Pikel, wielding a whip of electrocution and wearing a robe You could not reach far enough!
Your crimson imp hits Pikel.
The slave hits your quasit.
Pikel hits your crimson imp but does no damage.
Your quasit completely misses the slave.
Your quasit barely misses the slave.
Your quasit claws the slave but does no damage.
A gnoll comes into view.
Attack whom?
Aim: Pikel, wielding a whip of electrocution and wearing a robe (lightly wounded)
You reach to attack!
You hit Pikel but do no damage. The slave barely misses your quasit.
The gnoll hits your iron imp.
Your crimson imp hits Pikel but does no damage.
Pikel misses your crimson imp.
Your quasit barely misses the slave.
Your quasit closely misses the slave. x2
Attack whom?
Aim: Pikel, wielding a whip of electrocution and wearing a robe (lightly wounded)
You could not reach far enough!
Your quasit barely misses the slave.
Your quasit claws the slave but does no damage. x2
The slave hits your quasit.
Your crimson imp misses Pikel.
The gnoll hits your iron imp.
Pikel hits your crimson imp with a whip of electrocution.
There is a sudden explosion of sparks!
Your crimson imp dies!
Your iron imp hits the gnoll but does no damage.
Attack whom?
Aim: Pikel, wielding a whip of electrocution and wearing a robe (lightly wounded)
You reach to attack!
You barely miss Pikel.
Your quasit bites the slave but does no damage.
Your quasit barely misses the slave.
Your quasit claws the slave.
The slave hits your quasit!
Your iron imp closely misses the gnoll shaman.
Attack whom?
Aim: Pikel, wielding a whip of electrocution and wearing a robe (lightly wounded)
You hit Pikel but do no damage.
Your quasit closely misses the slave.
Your quasit claws the slave but does no damage. x2
The slave barely misses your quasit. Pikel hits you but does no damage.
You are electrocuted!
Your quasit closely misses the slave.
Your quasit claws the slave but does no damage. x2
You take 12 damage, and have 47/71 hp.
You hit Pikel but do no damage.
There is a sudden explosion of sparks!
Your iron imp barely misses the gnoll shaman.
The gnoll shaman hits your iron imp with a whip.
The slave hits your quasit.
Your quasit dies!
Pikel hits you with a whip of electrocution.
You take 1 damage, and have 46/71 hp.
You hit Pikel but do no damage.
Space bends around Pikel.
The gnoll shaman hits your iron imp with a whip.
Your iron imp barely misses the gnoll shaman.
Pikel misses you.
You barely miss Pikel.
The gnoll shaman hits your iron imp with a whip.
Your iron imp dies!
The slave hits you!
Pikel hits you with a whip of electrocution.
You take 12 damage, and have 35/71 hp.
You barely miss Pikel.
The gnoll shaman calls upon its god to speed up the gnoll.
The gnoll seems to speed up.
The slave hits you but does no damage. Pikel completely misses you.
You hit Pikel but do no damage. The slave closely misses you.
Pikel hits you with a whip of electrocution!
You are electrocuted!
* * * LOW HITPOINT WARNING * * *
You take 18 damage, and have 17/71 hp.
MASSIVE DAMAGE!!
You hit Pikel. You burn Pikel. The slave hits you!
* * * LOW HITPOINT WARNING * * *
Pikel says, "You'll fetch a fair price!"
Pikel hits you but does no damage.
You are electrocuted!
You die...
Xom cackles wildly!

... ######.# .
.......# ####..
.......####......
............(....
#..?.....<.......
######...p§......
.....#g####....##
......gpp@KpS...#
.....g#.####....#
......#.# ...#
#..## #.# ..# ##
#.# ### #.# #.#
#.


You could see Pikel, 3 slaves, 3 gnolls and an adder.

Vanquished Creatures
  The ghost of CrazyArbalest the Grave Robber, an amateur DsNe (D:3)
  2 sky beasts
  An ice beast (D:6)
  2 phantoms
  A boggart (shapeshifter) (D:2)
  A necrophage (D:5)
  8 wights (D:6)
  2 howler monkeys (D:5)
  A jelly (D:6)
  A giant frog skeleton (D:5)
  4 orc priests
  2 hounds
  Terence (D:2)
  5 orc wizards
  3 worker ants
  A killer bee zombie (D:6)
  2 hound zombies
  2 worker ant zombies (D:6)
  3 gnolls (D:2)
  9 adders
  3 shadow imps
  2 adder skeletons (D:4)
  7 worms
  3 dart slugs
  2 giant geckos
  23 orcs
  5 giant cockroaches
  11 hobgoblins
  13 jackals
  11 kobolds
  3 quokkas
  2 ball pythons
  6 bats
  9 giant newts
  9 goblins
  10 rats
171 creatures vanquished.

Vanquished Creatures (collateral kills)
  A wight (D:6)
  A centaur zombie (D:5)
  An orc priest (D:3)
  An orc wizard (D:3)
  7 orcs
  A ball python (D:5)
12 creatures vanquished.

Vanquished Creatures (others)
  An ice dragon (D:4)
  A wight (D:6)
2 creatures vanquished.

Grand Total: 185 creatures vanquished

Notes
Turn   | Place    | Note
--------------------------------------------------------------
     0 | D:1      | Yawgmoth the Demonspawn Chaos Knight began the quest for the Orb.
     0 | D:1      | Reached XP level 1. HP: 18/18 MP: 1/1
    73 | D:1      | Reached skill level 1 in Dodging
   222 | D:1      | XOM: smoke on damage
   239 | D:1      | Gained mutation: You have a pair of small antennae on your head. [demonic ancestry]
   239 | D:1      | Reached XP level 2. HP: 17/24 MP: 2/2
   243 | D:1      | Reached skill level 2 in Armour
   355 | D:1      | XOM: divination: detect creatures
   357 | D:1      | Reached skill level 3 in Polearms
   683 | D:1      | Gained mutation: You are surrounded by a mild repulsion field (EV +2). [demonic ancestry]
   683 | D:1      | Reached XP level 3. HP: 28/29 MP: 3/3
  1007 | D:2      | Found a faded altar to an unknown god.
  1049 | D:2      | Reached skill level 1 in Spellcasting
  1052 | D:2      | XOM: harmless Divn miscast
  1138 | D:2      | XOM: divination: magic mapping
  1157 | D:2      | Noticed a killer bee
  1157 | D:2      | an adder changed into a killer bee
  1158 | D:2      | a killer bee changed into a howler monkey
  1164 | D:2      | Noticed a swamp drake
  1164 | D:2      | a worm changed into a swamp drake
  1166 | D:2      | Noticed a boggart
  1166 | D:2      | a swamp drake changed into a boggart
  1173 | D:2      | Killed a boggart
  1173 | D:2      | Reached skill level 2 in Spellcasting
  1173 | D:2      | Gained mutation: Your flesh is cold resistant. [demonic ancestry]
  1173 | D:2      | Reached XP level 4. HP: 26/37 MP: 5/7
  1173 | D:2      | Gained mutation: A weak demonic guardian rushes to your aid. [demonic ancestry]
  1173 | D:2      | Reached XP level 5. HP: 29/42 MP: 5/8
  1287 | D:2      | Gained mutation: You are surrounded by a moderate repulsion field (EV +3). [mutagenic meat]
  1475 | D:2      | XOM: smoke on damage
  1490 | D:2      | Reached skill level 4 in Fighting
  1496 | D:2      | XOM: potion effect (berserk rage)
  1604 | D:2      | XOM: divination: detect items
  1657 | D:2      | Found a basalt altar of Yredelemnul.
  1714 | D:2      | Noticed a moth of wrath
  1714 | D:2      | Noticed Terence
  1728 | D:2      | Killed Terence
  1728 | D:2      | Reached skill level 3 in Armour
  1738 | D:2      | Found a bloodstained altar of Trog.
  2232 | D:3      | Reached XP level 6. HP: 48/48 MP: 9/9
  2276 | D:3      | Found a deep blue altar of Sif Muna.
  2280 | D:3      | XOM: divination: detect creatures
  2481 | D:3      | Reached skill level 4 in Polearms
  3095 | D:3      | XOM: potion effect (berserk rage)
  3251 | D:3      | Noticed CrazyArbalest's ghost (amateur DsNe)
  3271 | D:3      | Killed CrazyArbalest's ghost
  3271 | D:3      | Reached skill level 3 in Spellcasting
  3271 | D:3      | Gained mutation: You are immune to freezing clouds. [demonic ancestry]
  3271 | D:3      | Reached XP level 7. HP: 46/55 MP: 11/11
  3596 | D:4      | Reached skill level 4 in Armour
  3690 | D:4      | Found an oddly glowing altar of Pakellas.
  3691 | D:4      | Noticed an ice dragon
  3699 | D:4      | Killed an ice dragon
  3843 | D:4      | Reached skill level 5 in Fighting
  4193 | D:5      | Entered Level 5 of the Dungeon
  4255 | D:5      | Found a glowing silver altar of Zin.
  4257 | D:5      | XOM: divination: detect creatures
  4280 | D:5      | Reached skill level 5 in Polearms
  4331 | D:5      | Found a staircase to the Ecumenical Temple.
  4554 | D:5      | XOM: god gift: runed whip {god gift}
  4599 | D:5      | Found Gozag's Platinum Reserve.
  4617 | D:5      | Gained mutation: You are surrounded by a strong repulsion field (EV +4, rMsl). [demonic ancestry]
  4617 | D:5      | Reached XP level 8. HP: 18/62 MP: 13/13
  4635 | D:5      | XOM: divination: detect items
  4663 | D:5      | Reached skill level 4 in Spellcasting
  4668 | D:5      | Gained mutation: Armour fits poorly on your strangely shaped body. [mutagenic meat]
  4669 | D:5      | Gained mutation: Potions and wands are less effective at restoring your health. [mutagenic meat]
  4859 | D:5      | Found an opulent altar of Gozag.
  5094 | D:5      | XOM: colour smoke trail
  5502 | D:6      | XOM: blink monster(s)
  5503 | D:6      | XOM: summons 2 hostile demons
  5505 | D:6      | XOM: smoke on damage
  5508 | D:6      | XOM: enchant monster (bad)
  5531 | D:6      | Gained mutation: You are clumsy. (Dex -2) [mutagenic meat]
  5584 | D:6      | Reached skill level 5 in Armour
  5705 | D:6      | HP: 16/64 [something (3)]
  5706 | D:6      | Reached skill level 6 in Fighting
  5727 | D:6      | XOM: harmless Erth miscast
  5781 | D:6      | XOM: mild Trmt miscast
  6188 | D:6      | XOM: harmless Pois miscast
  6351 | D:6      | XOM: divination: magic mapping
  6369 | D:6      | XOM: confuse monster(s)
  6617 | D:6      | Reached skill level 6 in Polearms
  6926 | D:6      | XOM: confuse monster(s)
  6927 | D:6      | XOM: summons 3 hostile demons
  6940 | D:6      | XOM: harmless Pois miscast
  6946 | D:6      | Reached skill level 5 in Spellcasting
  7191 | D:6      | Mutation became permanent: You are surrounded by a strong repulsion field (EV +4, rMsl). [demonic ancestry]
  7191 | D:6      | Reached XP level 9. HP: 53/71 MP: 16/16
  7208 | D:7      | Noticed Pikel
  7226 | D:7      | HP: 17/71 [Pikel/whip of electrocution (10)]
  7227 | D:7      | Slain by Pikel

Vault maps used:
D:1:      shiori_arrival_oz, minmay_box_of_dots
D:2:      yredelemnul_altar_generic, ecumenical_altar_2, tgw_trog, uniq_terence
D:3:      lemuel_blue_sif_altar
D:4:      gammafunk_pakellas_spire_experiment
D:5:      nicolae_gozag_zags_fifth_avenue, zin_academy, temple_statues,
          first_bread
D:7:      uniq_pikel

Skill      XL: |  1  2  3  4  5  6  7  8 |
---------------+-------------------------+-----
Dodging        | 1 |  1.0
Armour         | 2 3 4 5 |  5.5
Polearms       | 3 4 5 6 |  6.1
Spellcasting   | 2 3 5 |  5.1
Fighting       | 4 5 6 |  6.5

Action                   |  1- 3 |  4- 6 |  7- 9 || total
-------------------------+-------+-------+-------++-------
Melee: Spear             |   183 |   257 |   573 ||  1013
  Use: Scroll            |       |     2 |     4 ||     6
       Potion            |       |     1 |     6 ||     7
 Stab: Paralysed         |     1 |     5 |     3 ||     9
       Petrifying        |       |     4 |     2 ||     6
       Petrified         |       |     1 |     3 ||     4
       Confused          |       |     2 |     4 ||     6
       Distracted        |       |       |     4 ||     4
  Eat: Chunk             |     1 |    10 |    13 ||    24
       Pizza             |       |       |     2 ||     2
       Fruit             |       |       |     2 ||     2
Armor: Leather armour    |    27 |       |       ||    27
       Scale mail        |    19 |    53 |   129 ||   201
Dodge: Dodged            |    78 |    65 |   259 ||   402
       Deflected         |       |       |     2 ||     2

Vault maps used:
D:1:      shiori_arrival_oz, minmay_box_of_dots
D:2:      yredelemnul_altar_generic, ecumenical_altar_2, tgw_trog, uniq_terence
D:3:      lemuel_blue_sif_altar
D:4:      gammafunk_pakellas_spire_experiment
D:5:      nicolae_gozag_zags_fifth_avenue, zin_academy, temple_statues,
          first_bread
D:7:      uniq_pikel

Table legend:
 A = Turns spent in this place as a percentage of turns spent in the entire game.
 B = Non-inter-level travel turns spent in this place as a percentage of non-inter-level travel turns spent in the entire game.
 C = Inter-level travel turns spent in this place as a percentage of turns spent in this place.
 D = Turns resting spent in this place as a percentage of non-inter-level travel turns spent in this place.
 E = Turns spent auto-exploring this place as a percentage of non-inter-level travel turns spent in this place.
 F = Non-inter-level travel turns spent in this place divided by the number of levels of this place that you've seen.
                   A       B       C       D       E      F
               +-------+-------+-------+-------+-------+----------------------
         Total | 100.0 | 100.0 |   0.3 |   1.7 |   4.5 | 389.4
       Dungeon | 100.0 | 100.0 |   0.3 |   1.7 |   4.5 | 389.4
               +-------+-------+-------+-------+-------+----------------------

Table legend:
 A = Kills in this place as a percentage of kills in entire the game.
 B = Kills by you in this place as a percentage of kills by you in the entire game.
 C = Kills by friends in this place as a percentage of kills by friends in the entire game.
 D = Other kills in this place as a percentage of other kills in the entire game.
 E = Experience gained in this place as a percentage of experience gained in the entire game.
 F = Experience gained in this place divided by the number of levels of this place that you have seen.
                   A       B       C       D       E      F
               +-------+-------+-------+-------+-------+----------------------
         Total | 100.0 | 100.0 | 100.0 | 100.0 | 100.0 | 403.3
       Dungeon | 100.0 | 100.0 | 100.0 | 100.0 | 100.0 | 403.3
               +-------+-------+-------+-------+-------+----------------------
